 Dungeon Crawl Stone Soup version 0.30-a0-368-g86fb4627a9 (webtiles) character file.

Game seed: 10853237828336350260

1274 oldriver the Magician (level 8, -2/64 HPs)
             Began as a Mummy Necromancer on Nov 19, 2022.
             Was an Initiate of Hepliaklqana.
             Slain by a yak (17 damage)
             ... on level 6 of the Dungeon.
             The game lasted 00:06:03 (6431 turns).

oldriver the Magician (Mummy Necromancer)           Turns: 6431, Time: 00:06:03

Health: -2/64      AC:  2    Str: 11    XL:     8   Next: 28%
Magic:  1/19       EV: 12    Int: 17    God:    Hepliaklqana [......]
Gold:   359        SH:  0    Dex: 12    Spells: 8/22 levels left

rFire   x . .      SeeInvis .    j - +2 falchion (flame)
rCold   + . .      Faith    +    (no shield)
rNeg    + + +      Spirit   .    a - +0 robe
rPois   ∞          Reflect  .    (no helmet)
rElec   .          Harm     .    i - scarf {shadows}
rCorr   .          Rampage  .    (no gloves)
Will    +....                    (no boots)
Stlth   ++........               (no amulet)
HPRegen 0.30/turn                (no ring)
MPRegen 0.16/turn                (no ring)

@: animating dead
A: cold resistance 1, negative energy resistance 3, torment resistance 2, heat
vulnerability 1, in touch with death 1, no potions, faith
a: Renounce Religion


You were on level 6 of the Dungeon.
You worshipped Hepliaklqana.
Hepliaklqana was noncommittal.
You visited 1 branch of the dungeon, and saw 6 of its levels.

You collected 359 gold pieces.

Inventory:

Hand Weapons
 j - a +2 falchion of flaming (weapon)
 k - a +2 vampiric whip
Missiles
 l - a throwing net
Armour
 a - a +0 robe (worn)
 i - a scarf of shadows (worn)
Wands
 f - a wand of mindburst (11)
 o - a wand of flame (25)
 q - a wand of paralysis (8)
Scrolls
 b - a scroll of poison {unknown}
 c - a scroll of brand weapon {unknown}
 d - 2 scrolls of silence {unknown}
 e - 2 scrolls of summoning {unknown}
 g - 3 scrolls of teleportation
 h - a scroll of blinking
 m - 2 scrolls of identify {unknown}
 n - a scroll of enchant armour {unknown}
 p - a scroll of amnesia


   Skills:
 + Level 6.0 Fighting
 - Level 1.5 Dodging
 - Level 1.5 Stealth
 + Level 7.9 Spellcasting
 + Level 6.3 Necromancy


You had 8 spell levels left.
You knew the following spells:

 Your Spells              Type           Power      Damage    Failure   Level
a - Necrotise             Necr           100%       1d9       1%          1
b - Vampiric Draining     Necr           42%        2d9       2%          3
c - Animate Dead          Necr           42%        N/A       8%          4
d - Dispel Undead         Necr           42%        3d17      8%          4
e - Blink                 Tloc           12%        N/A       16%         2

Your spell library contained the following spells:

 Spells                   Type           Power      Damage    Failure   Level
 Kiss of Death            Conj/Necr      100%       2d13      3%          1
 Momentum Strike          Conj/Tloc      12%        3d8       16%         2
 Agony                    Necr           42%        N/A       22%         5
 Confusing Touch          Hex            6%         N/A       32%         3
 Dazzling Flash           Conj/Hex       12%        N/A       32%         3
 Lesser Beckoning         Tloc           12%        N/A       32%         3
 Silence                  Hex/Air        3%         N/A       96%         5


Dungeon Overview and Level Annotations

Branches:
Dungeon (6/15)
 Temple: D:4-7

Altars:
Gozag
Hepliaklqana

Shops:
D:1 :

Annotations:
D:5 2 runed translucent doors, koil's ghost, novice TrBe


Innate Abilities, Weirdness & Mutations

You are immune to poison.
Your flesh is cold resistant. (rC+)
You are immune to negative energy. (rN+++)
You are immune to unholy pain and torment.
You are vulnerable to heat. (rF-)
You are in touch with the powers of death.
You do not drink.
You have a special connection with the divine. (Faith)


Message History

You feel a surge of power!
You draw life force from the yak.
You feel life coursing into your body. The yak gores you but does no damage.
The yak gores you.
Unknown command.
Casting: Vampiric Draining (dangerous; 2% risk of failure)
Confirm with . or Enter, or press ? or * to list all spells.
Aiming: Vampiric Draining (dangerous; 2% risk of failure)
Press: ? - help, Shift-Dir - straight line, f/p - yak
Aim: a yak (heavily wounded)
You feel a surge of power!
You draw life force from the yak!
You feel life coursing into your body. The yak gores you. x2
Unknown command.
Casting: Vampiric Draining (dangerous; 2% risk of failure)
Confirm with . or Enter, or press ? or * to list all spells.
Aiming: Vampiric Draining (dangerous; 2% risk of failure)
Press: ? - help, Shift-Dir - straight line, f/p - yak
Aim: a yak (severely wounded)
You feel a surge of power!
You draw life force from the yak!
You feel life coursing into your body. The yak gores you! The yak misses you.
Unknown command.
Casting: Vampiric Draining (dangerous; 2% risk of failure)
Confirm with . or Enter, or press ? or * to list all spells.
Aiming: Vampiric Draining (dangerous; 2% risk of failure)
Press: ? - help, Shift-Dir - straight line, f/p - yak
Aim: a yak (almost dead)
You feel a surge of power!
You draw life force from the yak!
You kill the yak!
You feel life coursing into your body.
The dead are walking!
The yak gores your yak zombie! The yak gores you!
Your Fighting skill increases to level 6!
You hit the yak. You burn the yak. Your punch misses the yak.
The yak is moderately wounded.
The yak gores your yak zombie! The yak gores you! x2
* * * LOW HITPOINT WARNING * * *
The yak gores your yak zombie!
Your yak zombie gores the yak.
Unknown command.
You slash the yak! You burn the yak.
The yak is heavily wounded.
The yak gores your yak zombie! The yak gores you!
You die...

.# #.#.##.## # .#
#...##..# .##.. ##
#...##..##.#.......# #
###...##.............##
.##.............#........
.............[...........
#.......................
#..............####..#.##
#...............@ZYY(....
#..............Y###......
###............)...>.....
# #....##................
# ##.........#.###.......
###............# .......
..............## ......
........(......
.##....#....#.# ..


You could see 3 yaks and a friendly yak zombie.

Vanquished Creatures
  Prince Ribbit (D:5)
  A yak (D:6)
  Menkaure (D:4)
  2 black bears
  2 phantoms
  A bullfrog (D:6)
  A howler monkey (D:5)
  3 hounds
  An orc priest (D:3)
  Natasha (thrice) (D:2)
  An orc wizard (D:5)
  4 gnolls (D:4)
  4 adders
  An ufetubus (D:4)
  3 worms
  A dart slug (D:4)
  8 orcs
  4 ball pythons
  8 endoplasms
  3 giant cockroaches
  8 hobgoblins
  8 kobolds
  6 quokkas
  3 bats
  A frilled lizard (D:1)
  4 goblins
  5 rats
88 creatures vanquished.

Vanquished Creatures (collateral kills)
  An endoplasm (D:1)
  A rat (D:1)
2 creatures vanquished.

Grand Total: 90 creatures vanquished

Notes
Turn   | Place    | Note
-------+----------+-------------------------------------------
     0 | D:1      | oldriver the Mummy Necromancer began the quest for the Orb.
     0 | D:1      | Reached XP level 1. HP: 13/13 MP: 4/4
   313 | D:1      | Reached skill level 3 in Spellcasting
   370 | D:1      | Reached skill level 1 in Fighting
   374 | D:1      | Reached XP level 2. HP: 4/21 MP: 0/6
   588 | D:1      | Found a faded altar of an unknown god.
  1047 | D:1      | Gained mutation: You are in touch with the powers of death.
                  | [Mummy growth]
  1047 | D:1      | Reached XP level 3. HP: 27/27 MP: 2/8
  1122 | D:1      | Found Poqaebry's Book Emporium.
  1514 | D:2      | Learned a level 3 spell: Vampiric Draining
  1574 | D:2      | Found an opulent altar of Gozag.
  1785 | D:2      | Reached skill level 4 in Spellcasting
  1967 | D:2      | Noticed Natasha
  1970 | D:2      | Killed Natasha
  1971 | D:2      | Reached XP level 4. HP: 34/34 MP: 7/10
  1999 | D:2      | Noticed Natasha
  2004 | D:2      | Killed Natasha
  2067 | D:2      | Noticed Natasha
  2070 | D:2      | Killed Natasha
  2389 | D:3      | Reached XP level 5. HP: 18/41 MP: 4/12
  2480 | D:3      | Reached skill level 5 in Spellcasting
  3442 | D:4      | Learned a level 4 spell: Animate Dead
  3447 | D:4      | Learned a level 4 spell: Dispel Undead
  3450 | D:4      | Learned a level 2 spell: Blink
  3722 | D:4      | Noticed a black bear
  3727 | D:4      | Killed a black bear
  3728 | D:4      | Reached XP level 6. HP: 35/48 MP: 3/14
  3983 | D:4      | Noticed Menkaure
  4019 | D:4      | Killed Menkaure
  4020 | D:4      | Reached skill level 6 in Spellcasting
  5015 | D:5      | Entered Level 5 of the Dungeon
  5191 | D:5      | Reached skill level 5 in Necromancy
  5191 | D:5      | Reached XP level 7. HP: 55/55 MP: 11/16
  5558 | D:5      | Found a large runed translucent door.
  5558 | D:5      | Found a large runed translucent door.
  5752 | D:5      | Noticed Prince Ribbit
  5760 | D:5      | Killed Prince Ribbit
  5761 | D:5      | Reached skill level 5 in Fighting
  5761 | D:5      | Reached skill level 7 in Spellcasting
  6002 | D:5      | Noticed koil's ghost (novice TrBe)
  6241 | D:6      | Found a hazy altar of Hepliaklqana.
  6277 | D:6      | Reached XP level 8. HP: 64/64 MP: 8/19
  6292 | D:6      | Became a worshipper of Hepliaklqana the Forgotten
  6431 | D:6      | Slain by a yak

Illustrated notes

Levels and vault maps discovered:
D:1:      saegor_arrival_simple_d, layout_basic,
          chequers_ecumenical_altar_simple, serial_shops, shop_coins
D:2:      layout_rooms, basic_altar, uniq_natasha
D:3:      layout_loops_corners, corexii_item_surrounded_by_moat
D:4:      black_bear_nest_2, layout_layer_cave, uniq_menkaure
D:5:      layout_gridville, ebering_ghost_disaster_area, uniq_prince_ribbit1
D:6:      layout_rooms, nzn_hepliaklqana_mist_gate

Skill      XL: |  1  2  3  4  5  6  7  8 |
---------------+-------------------------+-----
Spellcasting   | 3 4 5 6 7 |  7.9
Fighting       | 1 2 3 4 5 6 |  6.0
Necromancy     | 5 6 |  6.3
Dodging        | |  1.5
Stealth        | |  1.5

Action                   |  1- 3 |  4- 6 |  7- 9 || total
-------------------------+-------+-------+-------++-------
Melee: Unarmed           |     9 |       |       ||     9
       Dagger            |    10 |     1 |       ||    11
       Falchion          |       |    10 |     5 ||    15
 Cast: Necrotise         |    77 |    72 |    34 ||   183
       Vampiric Draining |     1 |    11 |    10 ||    22
       Dispel Undead     |       |     1 |     3 ||     4
       Blink             |       |       |     1 ||     1
       Animate Dead      |       |       |     1 ||     1
  Use: Scroll            |       |     5 |       ||     5
Armor: Robe              |    11 |     4 |     4 ||    19
Dodge: Dodged            |    18 |    48 |    16 ||    82

Table legend: (Time is in decaauts)
 A = Elapsed time spent in this place.
 B = Non-inter-level travel time spent in this place.
 C = Inter-level travel time spent in this place.
 D = Time resting spent in this place.
 E = Time spent auto-exploring this place.
 F = Levels seen in this place.
 G = Mean time per level.
                   A        B        C        D        E       F      G
               +--------+--------+--------+--------+--------+-----+--------+
         Total |   6434 |   6293 |    141 |    162 |   5455 |   6 | 1072.3 |
       Dungeon |   6434 |   6293 |    141 |    162 |   5455 |   6 | 1072.3 |
               +--------+--------+--------+--------+--------+-----+--------+

Top non-repeatable levels by time:
     D:4: 1592 daAuts
     D:1: 1484 daAuts
     D:5: 1102 daAuts
     D:3: 1089 daAuts
     D:2: 851 daAuts
     D:6: 313 daAuts
